 Dungeon Crawl Stone Soup version 0.26-a0-451-gacbe401039 (webtiles) character file.

Game seed: 11595503585297835830

5308 JamesBald the Destroyer (level 10, -3/64 HPs)
             Began as a Human Conjurer on July 28, 2020.
             Was a Follower of Sif Muna.
             Slain by a troll (7 damage)
             ... on level 9 of the Dungeon.
             The game lasted 01:01:38 (10292 turns).

JamesBald the Destroyer (Human Conjurer)           Turns: 10292, Time: 01:01:39

Health: -3/64      AC: 18    Str: 10    XL:     10   Next: 95%
Magic:  5/23       EV: 13    Int: 19    God:    Sif Muna [*.....]
Gold:   256        SH:  0    Dex: 12    Spells: 17/27 levels left

rFire    . . .     SeeInvis .   G - +1 rapier (protect)
rCold    . . .     Faith    .   (no shield)
rNeg     . . .     Spirit   .   v - +3 leather armour {MR+}
rPois    .         Reflect  .   L - +0 helmet
rElec    .         Harm     .   o - +2 cloak
rCorr    .                      i - +0 pair of gloves
MR       +....                  q - +1 pair of boots
Stlth    ++........             s - amulet of magic regeneration
HPRegen  0.20/turn              l - +4 ring of protection
MPRegen  0.43/turn              (no ring)

@: no status effects
A: blink, mutation resistance 1
a: Blink, Channel Magic, Renounce Religion


You were on level 9 of the Dungeon.
You worshipped Sif Muna.
Sif Muna was aware of your devotion.
You visited 2 branches of the dungeon, and saw 10 of its levels.

You collected 632 gold pieces.
You spent 376 gold pieces at shops.

Inventory:

Hand Weapons
 f - a +0 dagger
 r - a +0 hand axe of holy wrath
 t - a +0 trident of protection
 G - a +1 rapier of protection (weapon)
 H - a +0 whip of freezing
 J - a +2 vorpal falchion
Missiles
 x - 228 stones (quivered)
Armour
 a - a +0 robe
 i - a +0 pair of gloves (worn)
 o - a +2 cloak (worn)
 q - a +1 pair of boots (worn)
 v - a +3 leather armour of magic resistance (worn)
 A - a scarf of shadows
 I - a +2 robe of magic resistance
 K - a +4 scale mail
 L - a +0 helmet (worn)
Jewellery
 l - a +4 ring of protection (left hand)
 s - an amulet of magic regeneration (around neck)
Wands
 b - a wand of polymorph (12)
 z - a wand of iceblast (9)
 N - a wand of digging (3)
 O - a wand of enslavement (7)
 P - a wand of random effects (8)
Scrolls
 c - 4 scrolls of teleportation
 g - 4 scrolls of remove curse
 j - 3 scrolls of magic mapping
 u - 4 scrolls of identify
 w - 2 scrolls of immolation {unknown}
 B - 2 scrolls of fog
 C - 5 scrolls of amnesia
 E - 2 scrolls of enchant weapon {unknown}
 M - a scroll of random uselessness {unknown}
Potions
 d - 2 potions of degeneration
 e - a potion of haste
 h - 2 potions of lignification
 k - a potion of ambrosia
 m - 5 potions of curing
 n - a potion of mutation
 D - a potion of flight
 F - a potion of heal wounds


   Skills:
 - Level 0.9 Fighting
 - Level 0.8 Short Blades
 + Level 0.4 Axes
 + Level 4.7 Armour
 - Level 3.7 Dodging
 - Level 4.7 Stealth
 * Level 9.4 Spellcasting
 * Level 10.0 Conjurations
 + Level 1.3 Translocations


You had 17 spell levels left.
You knew the following spells:

 Your Spells              Type           Power        Failure   Level
a - Magic Dart            Conj           ####         1%          1
b - Searing Ray           Conj           #####.       1%          2
c - Mephitic Cloud        Conj/Pois/Air  ###.....     8%          3
d - Iskenderun's Mystic   Conj/Tloc      ####....     10%         4

Your spell library contained the following spells:

 Spells                   Type           Power        Failure   Level
 Conjure Flame            Conj/Fire      ####....     4%          3
 Dazzling Flash           Conj/Hex       ####..       4%          3
 Blink                    Tloc           N/A          10%         2
 Fulminant Prism          Conj/Hex       ####......   13%         4
 Call Imp                 Summ           #.......     16%         2
 Slow                     Hex            #.......     16%         2


Dungeon Overview and Level Annotations

Branches:
Dungeon (9/15)             Temple (1/1) D:6
   Lair: D:8-11         Orc: D:9-12

Altars:
Ashenzari
Cheibriados
Dithmenos
Elyvilon
Fedhas
Gozag
Hepliaklqana
Kikubaaqudgha
Makhleb
Nemelex Xobeh
Okawaru
Qazlal
Ru
Sif Muna
Trog
Uskayaw
Vehumet
Wu Jian
Xom
Yredelemnul
Zin
The Shining One

Shops:
D:5 ?   D:6 (   D:7 :

Annotations:
D:5 Sigmund


Innate Abilities, Weirdness & Mutations

You can translocate small distances at will.
You are somewhat resistant to further mutation.


Message History

Unknown command.
You hit the troll.
Your weapon exudes an aura of protection.
The troll is moderately wounded.
The troll bites you but does no damage. The troll claws you but does no damage.
The troll closely misses you.
Your magical contamination has completely faded away.
You hit the troll.
The troll is heavily wounded.
The troll bites you! The troll closely misses you.
The troll claws you but does no damage.
You hit the troll.
The troll is heavily wounded.
The troll bites you. The troll claws you.
* * * LOW HITPOINT WARNING * * *
The troll claws you but does no damage. The troll bites you!
* * * LOW HITPOINT WARNING * * *
The troll barely misses you. The troll claws you!
You die...

#####......########............
...............................
....###'#######<...............
....#.........#.##....####....#
....#.........#.#......##......
[...#.........#.....#.......#
....#.........#...####....###
...>#.........#...####....##
....#.........+.@..#.......#
....###########.#T.....##.....
......... ...#.....## #....
...####### .....#.#..#.# #####
...#.....#......#.#..##..
...#.....#......#'#### ..#
...'.....#......#....# ##
...#.....#......##..)#
...#.....# #.##†.#


You could see a troll.

Vanquished Creatures
  A centaur warrior (D:9)
  Pikel (D:5)
  A hornet (D:7)
  2 hippogriffs (D:7)
  A wyvern (D:7)
  Eustachio (D:5)
  Menkaure (D:6)
  2 orc warriors
  An ice beast (D:5)
  5 ogres
  A necrophage (D:9)
  3 centaurs
  2 lemures (D:5)
  4 bullfrogs
  2 scorpions
  A killer bee (D:9)
  3 howler monkeys
  10 wights (D:7)
  A bullfrog zombie (D:5)
  6 hounds
  A centaur skeleton (D:8)
  4 jellies
  10 orc wizards
  2 orc priests
  4 bullfrog skeletons
  3 iguanas
  3 worker ants
  A hound skeleton (D:8)
  A howler monkey zombie (D:6)
  A worker ant zombie (D:6)
  9 adders
  11 gnolls
  A white imp (D:6)
  3 ufetubi
  3 adder skeletons
  5 worms
  A dart slug (D:1)
  12 leopard geckos
  32 orcs
  2 ball pythons (D:1)
  6 giant cockroaches
  12 goblins
  9 hobgoblins
  17 jackals
  7 quokkas
  9 bats
  6 frilled lizards
  2 jackal skeletons
  14 kobolds
  A quokka zombie (D:8)
  13 rats
254 creatures vanquished.

Notes
Turn   | Place    | Note
-------+----------+-------------------------------------------
     0 | D:1      | JamesBald the Human Conjurer began the quest for the Orb.
     0 | D:1      | Reached XP level 1. HP: 13/13 MP: 3/3
   264 | D:1      | Reached XP level 2. HP: 15/19 MP: 1/5
   268 | D:1      | Learned a level 2 spell: Searing Ray
   335 | D:1      | Found an iron altar of Okawaru.
   830 | D:1      | Reached XP level 3. HP: 24/24 MP: 1/6
  1813 | D:2      | Reached XP level 4. HP: 30/30 MP: 3/7
  1882 | D:2      | Found a glowing golden altar of the Shining One.
  2459 | D:2      | Found a blossoming altar of Fedhas.
  2459 | D:2      | Found a white marble altar of Elyvilon.
  3130 | D:3      | Reached skill level 5 in Conjurations
  3152 | D:3      | Reached XP level 5. HP: 35/35 MP: 4/8
  3383 | D:3      | Reached XP level 6. HP: 38/41 MP: 6/11
  3545 | D:3      | Found a shattered altar of Ashenzari.
  4480 | D:4      | Reached XP level 7. HP: 46/46 MP: 8/13
  4628 | D:4      | Reached skill level 6 in Conjurations
  5013 | D:5      | Entered Level 5 of the Dungeon
  5055 | D:5      | Noticed Eustachio
  5064 | D:5      | Killed Eustachio
  5064 | D:5      | Reached skill level 1 in Armour
  5064 | D:5      | Reached XP level 8. HP: 53/53 MP: 5/15
  5103 | D:5      | Noticed Pikel
  5129 | D:5      | Killed Pikel
  5129 | D:5      | Reached skill level 5 in Spellcasting
  5129 | D:5      | Reached skill level 7 in Conjurations
  5496 | D:5      | Reached XP level 9. HP: 58/58 MP: 14/18
  5785 | D:5      | Noticed Sigmund
  5797 | D:5      | Gained mutation: You can translocate small distances at
                  | will. [potion of mutation]
  5797 | D:5      | Gained mutation: You are somewhat resistant to further
                  | mutation. [potion of mutation]
  6075 | D:5      | Found Jikasch's Magic Scroll Emporium.
  6093 | D:5      | Bought a scroll of identify for 24 gold pieces
  6093 | D:5      | Bought a scroll of identify for 24 gold pieces
  6093 | D:5      | Bought a scroll of identify for 24 gold pieces
  6093 | D:5      | Bought a scroll of identify for 24 gold pieces
  6295 | D:6      | Found a basalt altar of Yredelemnul.
  6313 | D:6      | Found a shimmering altar of Xom.
  6359 | D:6      | Found Juacvigh's Weapon Shoppe.
  6409 | D:6      | Reached skill level 8 in Conjurations
  6554 | D:6      | Noticed Menkaure
  6573 | D:6      | Killed Menkaure
  7022 | D:6      | Found a sacrificial altar of Ru.
  7068 | D:6      | Found a staircase to the Ecumenical Temple.
  7129 | Temple   | Entered the Ecumenical Temple
  7137 | Temple   | Became a worshipper of Sif Muna the Loreminder
  7712 | D:7      | Found a glowing silver altar of Zin.
  7712 | D:7      | Found a radiant altar of Vehumet.
  7712 | D:7      | Found a sparkling altar of Nemelex Xobeh.
  7712 | D:7      | Found an ancient bone altar of Kikubaaqudgha.
  7735 | D:7      | Found Xery's Book Boutique.
  7743 | D:7      | Bought a book of Minor Magic for 280 gold pieces
  7785 | D:7      | Noticed a hornet
  7792 | D:7      | Killed a hornet
  7792 | D:7      | Reached XP level 10. HP: 64/64 MP: 17/21
  7891 | D:7      | Reached skill level 9 in Conjurations
  7901 | D:7      | Learned a level 3 spell: Mephitic Cloud
  7906 | D:7      | Learned a level 4 spell: Iskenderun's Mystic Blast
  8113 | D:7      | Found a hide-covered altar of Uskayaw.
  8428 | D:7      | Reached * piety under Sif Muna
  9475 | D:8      | Found a snail-covered altar of Cheibriados.
 10262 | D:9      | Noticed a centaur warrior
 10278 | D:9      | Killed a centaur warrior
 10278 | D:9      | Reached skill level 10 in Conjurations
 10278 | D:9      | Reached skill level 1 in Translocations
 10292 | D:9      | Slain by a troll

Illustrated notes

Levels and vault maps discovered:
D:1:      eino_arrival_cavern_a, layout_loops_ring, okawaru_ov_weapons_minmay
D:2:      kb_forest_paths, layout_loops_cross, grunt_temple_overflow_open,
          tso_metal_star
D:3:      layout_loops_ring, ashenzari_conservatory_becter
D:4:      corexii_shack_village, layout_basic, hangedman_abyss_or_decor_passed,
          kennysheep_pointless_box, nrook_mini_backslash
D:5:      layout_loops_ring, serial_shops, kennysheep_little_box,
          minmay_crystal_water, uniq_sigmund, uniq_eustachio, uniq_pikel
D:6:      layout_basic, nicolae_ru_great_annihilating_truth, lemuel_round_altar,
          temple_fountains, basic_altar, serial_shops, nicolae_shop_waterfront,
          uniq_menkaure
D:7:      layout_loops_ring, kennysheep_mini_moat,
          chequers_temple_overflow_statue_of_worship, serial_shops, shop,
          chequers_serial_rivers_room_a
D:8:      layout_layer_cave, cheibrodos_worm_habitat, chequers_avenue
D:9:      wad_guarded_room, layout_irregular_city, lemuel_crystal_altar,
          patterned_corridor
Temple:   dpeg_chambers_temple

Skill      XL: |  1  2  3  4  5  6  7  8  9 10 |
---------------+-------------------------------+-----
Conjurations   | 5 6 7 8 10 | 10.0
Stealth        | 3 4 |  4.7
Spellcasting   | 3 4 6 7 9 |  9.4
Armour         | 1 2 3 4 |  4.7
Dodging        | 3 |  3.7
Translocations | 1 |  1.3
Fighting       | |  0.9
Short Blades   | |  0.8
Axes           | |  0.4

Action                   |  1- 3 |  4- 6 |  7- 9 | 10-12 || total
-------------------------+-------+-------+-------+-------++-------
Melee: Dagger            |     4 |       |       |       ||     4
       Hand axe          |       |     3 |       |       ||     3
       Rapier            |       |       |    51 |    46 ||    97
 Cast: Magic Dart        |    12 |       |       |       ||    12
       Searing Ray       |    24 |    48 |    78 |    36 ||   186
       Iskenderun's Myst |       |       |       |    25 ||    25
 Abil: Blink             |       |       |     1 |       ||     1
  Use: Scroll            |     3 |       |     8 |     2 ||    13
       Potion            |       |       |     6 |       ||     6
Armor: Robe              |     2 |    10 |     4 |       ||    16
       Leather armour    |       |    11 |    13 |    79 ||   103
       Scale mail        |       |       |   143 |       ||   143
Dodge: Dodged            |     9 |    29 |    96 |    78 ||   212

Table legend: (Time is in decaauts)
 A = Elapsed time spent in this place.
 B = Non-inter-level travel time spent in this place.
 C = Inter-level travel time spent in this place.
 D = Time resting spent in this place.
 E = Time spent auto-exploring this place.
 F = Levels seen in this place.
 G = Mean time per level.
                   A        B        C        D        E       F      G
               +--------+--------+--------+--------+--------+-----+--------+
         Total |  10293 |  10133 |    160 |   3060 |   4602 |  10 | 1029.3 |
       Dungeon |  10055 |   9895 |    160 |   3060 |   4490 |   9 | 1117.2 |
        Temple |    237 |    237 |      0 |      0 |    112 |   1 |  237.0 |
               +--------+--------+--------+--------+--------+-----+--------+

Top non-repeatable levels by time:
     D:2: 1870 daAuts
     D:8: 1277 daAuts
     D:5: 1243 daAuts
     D:1: 1232 daAuts
     D:3: 1161 daAuts
     D:6: 1127 daAuts
     D:7: 1111 daAuts
     D:4: 746 daAuts
     D:9: 283 daAuts
  Temple: 237 daAuts
